 Dungeon Crawl Stone Soup version 0.30-a0-4-ga7cffc901d (webtiles) character file.

Game seed: 6348339920245594974

7794 purpskrrrp the Fighter (level 11, -6/88 HPs)
             Began as a Demonspawn Fighter on Aug 21, 2022.
             Was the Champion of Jiyva.
             Mangled by an eight-headed hydra (7 damage)
             ... on level 1 of the Lair of Beasts.
             The game lasted 00:20:06 (7151 turns).

purpskrrrp the Fighter (Demonspawn Fighter)         Turns: 7151, Time: 00:20:07

Health: -6/88      AC:  6    Str: 19    XL:     11   Next: 1%
Magic:  11/11      EV: 17    Int: 17    God:    Jiyva [******]
Gold:   143        SH:  5    Dex: 11    Spells: 10/10 levels left

rFire   . . .      SeeInvis .    a - +2 war axe (drain)
rCold   + . .      Faith    .    c - +0 buckler
rNeg    . . .      Spirit   .    l - +0 acid dragon scales
rPois   .          Reflect  .    (helmet unavailable)
rElec   .          Harm     .    (no cloak)
rCorr   +          Rampage  .    (no gloves)
Will    .....                    (no boots)
Stlth   +.........               f - amulet of the acrobat
HPRegen 1.84/turn                k - +4 ring of evasion
MPRegen 0.62/turn                (no ring)

@: no status effects
A: rugged brown scales 1, demonic guardian 1, powered by death 1, weakness
stinger 1, beak, horns 3, clever 2, cold resistance 1, pseudopods 1, jelly
sensing items
a: Renounce Religion, Oozemancy, Slimify


You were on level 1 of the Lair of Beasts.
You worshipped Jiyva.
Jiyva was exalted by your worship.
You visited 2 branches of the dungeon, and saw 10 of its levels.
You also visited: Sewer.

You collected 338 gold pieces.
You spent 195 gold pieces at shops.

Inventory:

Hand Weapons
 a - a +2 war axe of draining (weapon)
Missiles
 y - a throwing net (quivered)
Armour
 b - a +1 scale mail
 c - a +0 buckler (worn)
 l - +0 acid dragon scales (worn)
Jewellery
 f - an amulet of the acrobat (around neck)
 k - a +4 ring of evasion (left hand)
 n - a ring of see invisible
 A - a ring of positive energy
Wands
 i - a wand of flame (5)
 q - a wand of polymorph (6)
 z - a wand of paralysis (6)
Scrolls
 h - 4 scrolls of teleportation
 m - a scroll of magic mapping {unknown}
 o - a scroll of poison
 p - 4 scrolls of fear {unknown}
 t - 2 scrolls of amnesia
 v - 3 scrolls of vulnerability
 w - 2 scrolls of identify
Potions
 d - 3 potions of might
 e - 5 potions of heal wounds
 g - a potion of brilliance {unknown}
 j - 4 potions of curing {unknown}
 r - 2 potions of haste {unknown}
 s - 2 potions of attraction {unknown}
 u - a potion of mutation {unknown}
 x - 2 potions of flight {unknown}


   Skills:
 + Level 8.2 Fighting
 + Level 7.2 Axes
 + Level 7.5 Armour
 + Level 6.9 Dodging
 + Level 7.5 Shields


You had 10 spell levels left.
You didn't know any spells.
Your spell library contained the following spells:

 Spells                   Type           Power      Damage    Failure   Level
 Necrotise                Necr           0%         1d4       36%         1
 Slow                     Hex            0%         N/A       36%         1
 Confusing Touch          Hex            0%         N/A       73%         3
 Gell's Gravitas          Tloc           0%         N/A       73%         3
 Lesser Beckoning         Tloc           0%         N/A       73%         3
 Teleport Other           Tloc           0%         N/A       73%         3
 Vampiric Draining        Necr           0%         2d6       73%         3
 Airstrike                Air            0%         2d(0-16)  98%         4
 Summon Lightning Spire   Summ/Air       0%         N/A       98%         4
 Agony                    Necr           0%         N/A       100%        5
 Lightning Bolt           Conj/Air       0%         1d11      100%        5


Dungeon Overview and Level Annotations

Branches:
Dungeon (9/15)             Temple (0/1) D:6            Lair (1/5) D:9
  Sewer (visited)
    Orc: D:9-12

Altars:
Cheibriados
Dithmenos
Gozag
Okawaru
Qazlal
Ru
Sif Muna
Trog
Jiyva

Shops:
D:6 *


Innate Abilities, Weirdness & Mutations

You are partially covered in rugged brown scales. (AC +1, +3% HP)
A weak demonic guardian rushes to your aid.
You regenerate a little health from kills.
You have a small tail.
You have a beak for a mouth.
You have a pair of large horns on your head.
Your mind is very acute. (Int +8, Str/Dex -2)
Your flesh is cold resistant. (rC+)
Armour fits poorly on your pseudopods.
You have a small jelly attached to you that senses nearby items.


Message History

You slice one of the seven-headed hydra's heads off!
The six-headed hydra grows two more!
You slash the eight-headed hydra! You headbutt the eight-headed hydra!!
You bludgeon the eight-headed hydra.
The eight-headed hydra is heavily wounded.
The eight-headed hydra bites you but does no damage.
The eight-headed hydra closely misses you.
The eight-headed hydra bites you.
A demonic guardian appears!
The eight-headed hydra bites you!
The eight-headed hydra bites you but does no damage.
The eight-headed hydra misses you. x2
The eight-headed hydra bites you but does no damage.
You are too injured to fight recklessly!
Unknown command.
You are too injured to fight recklessly!
Cleave: a) +2 war axe (drain)
Press: ? - help, Dir - move target, f - eight-headed hydra
Aim: an eight-headed hydra (heavily wounded, ally target, about 19% to evade your +2 war axe of draining)
You barely miss the eight-headed hydra.
Your peck misses the eight-headed hydra.
You bludgeon the eight-headed hydra, but do no damage.
The eight-headed hydra is heavily wounded.
The eight-headed hydra bites you!
The eight-headed hydra barely misses you.
The eight-headed hydra misses you.
The eight-headed hydra closely misses you.
The eight-headed hydra bites you!
You block the eight-headed hydra's attack.
The eight-headed hydra barely misses you. x2
The eight-headed hydra bites you!
* * * LOW HITPOINT WARNING * * *
The eight-headed hydra bites you but does no damage.
You block the eight-headed hydra's attack.
The eight-headed hydra bites you!
* * * LOW HITPOINT WARNING * * *
The eight-headed hydra bites you.
* * * LOW HITPOINT WARNING * * *
The eight-headed hydra misses you.
The eight-headed hydra bites you but does no damage.
The eight-headed hydra bites you!
You die...

.....#.......#....#
..######....###...# ..
....####....#.....# . .
..................#.#+.#
.................##....
..............###......
..............#....# .
....#.##.####..4#.##....
......#..## #..#@.......
.#..#.##..###....D.8...8
....#.##....+..#.....>..
......##..###..#...8...8
.#....##.####...........
....#.P#.##P#.....##....
....#.##.....#..... ..##
.#..#.##......###.. ..
............#...


You could see an eight-headed hydra (ally target) and a friendly rust devil
(summoned).

Vanquished Creatures
  A komodo dragon (D:9)
  2 wyverns
  Eustachio (D:6)
  9 yaks (D:9)
  2 steam dragons
  An acid dragon (D:8)
  2 water moccasins
  3 orc warriors
  3 black bears
  Pargi (Sewer)
  An ice beast (D:6)
  2 ogres
  A sky beast (D:7)
  The ghost of Adrian566 the Covered, an amateur DgFi (D:5)
  A wolf (Lair:1)
  A centaur (D:8)
  3 phantoms
  A kobold brigand (D:7)
  4 bullfrogs
  A wyvern zombie (D:5)
  A gnoll sergeant (D:7)
  6 scorpions
  A necrophage (D:6)
  A wyvern skeleton (D:5)
  9 wights
  4 killer bees (D:8)
  5 howler monkeys
  5 orc priests
  3 hounds
  A gnoll bouda (D:9)
  Jessica (D:2)
  2 iguanas
  2 orc wizards
  Robin (D:3)
  8 gnolls
  9 adders
  3 white imps
  3 worms
  2 dart slugs
  16 orcs
  6 ball pythons
  5 giant cockroaches
  14 goblins
  8 hobgoblins
  2 jackals (D:3)
  4 quokkas
  2 bats (D:2)
  A frilled lizard (D:1)
  7 kobolds
  7 rats
180 creatures vanquished.

Vanquished Creatures (collateral kills)
  Joseph (D:7)
  2 komodo dragons (Lair:1)
  A yak (D:9)
  2 wolves (Lair:1)
  A bullfrog (Lair:1)
  2 killer bees (D:8)
  An orc wizard (D:9)
  An orc (D:9)
11 creatures vanquished.

Vanquished Creatures (others)
  A water moccasin (D:8)
  An orc warrior (D:9)
  A kobold brigand (Sewer)
  A bullfrog (D:8)
  A scorpion (D:9)
  2 howler monkeys (D:8)
  A centaur zombie (D:5)
  6 jellies
  An orc wizard (D:9)
  A gnoll (D:9)
  An adder (D:2)
  A dart slug (D:4)
  5 orcs (D:9)
  A ball python (D:4)
  A goblin (D:1)
  3 hobgoblins
  A bat (D:1)
  5 kobolds
  A rat (D:1)
  27 fungi
  31 plants
93 creatures vanquished.

Grand Total: 284 creatures vanquished

Notes
Turn   | Place    | Note
-------+----------+-------------------------------------------
     0 | D:1      | purpskrrrp the Demonspawn Fighter began the quest for the
                  | Orb.
     0 | D:1      | Reached XP level 1. HP: 18/18 MP: 1/1
   141 | D:1      | Found a faded altar of an unknown god.
   148 | D:1      | Prayed at the altar of an unknown god.
   148 | D:1      | Became a worshipper of Jiyva Jeocir the Shapeless
   148 | D:1      | Reached * piety under Jiyva
   501 | D:1      | Gained mutation: A weak demonic guardian rushes to your
                  | aid. [demonic ancestry]
   501 | D:1      | Reached XP level 2. HP: 24/24 MP: 2/2
   523 | D:1      | Reached ** piety under Jiyva
   872 | D:2      | Noticed Jessica
   876 | D:2      | Killed Jessica
   877 | D:2      | Reached skill level 1 in Dodging
   877 | D:2      | Reached XP level 3. HP: 29/29 MP: 3/3
  1310 | D:2      | Reached *** piety under Jiyva
  1310 | D:2      | Gained mutation: You have a pair of small horns on your
                  | head. [Jiyva's grace]
  1310 | D:2      | Gained mutation: You have a pair of horns on your head.
                  | [Jiyva's grace]
  1310 | D:2      | Gained mutation: You have a pair of large horns on your
                  | head. [Jiyva's grace]
  1310 | D:2      | Gained mutation: You are robust. (+10% HP) [Jiyva's grace]
  1901 | D:3      | Noticed Robin
  1909 | D:3      | Killed Robin
  1910 | D:3      | Reached XP level 4. HP: 36/38 MP: 4/4
  2062 | D:3      | Reached **** piety under Jiyva
  2362 | D:3      | Reached XP level 5. HP: 45/45 MP: 5/5
  2509 | D:3      | Found a shimmering blue altar of Sif Muna.
  2663 | D:4      | Found a bloodstained altar of Trog.
  2911 | D:4      | Found a glowing drain.
  2939 | Sewer    | Entered a sewer
  2980 | Sewer    | Noticed Pargi
  2993 | Sewer    | Killed Pargi
  3075 | D:4      | Reached skill level 4 in Fighting
  3075 | D:4      | Reached XP level 6. HP: 48/52 MP: 6/6
  3137 | D:4      | Reached ***** piety under Jiyva
  3188 | D:4      | Gained mutation: Your flesh is cold resistant. (rC+)
                  | [Jiyva's grace]
  3188 | D:4      | Gained mutation: Your flesh is very cold resistant. (rC++)
                  | [Jiyva's grace]
  3188 | D:4      | Gained mutation: Your flesh is almost immune to the effects
                  | of cold. (rC+++) [Jiyva's grace]
  3188 | D:4      | Gained mutation: Armour fits poorly on your pseudopods.
                  | [Jiyva's grace]
  3389 | D:5      | Entered Level 5 of the Dungeon
  3432 | D:5      | Reached XP level 7. HP: 59/60 MP: 7/7
  3544 | D:5      | Found a runed translucent gate.
  3545 | D:5      | Found a runed translucent gate.
  3547 | D:5      | Found a runed translucent gate.
  3547 | D:5      | Noticed Adrian566's ghost (amateur DgFi)
  3979 | D:5      | You fall into a shaft and drop 3 floors!
  3999 | D:8      | Reached skill level 5 in Fighting
  4006 | D:8      | Reached XP level 8. HP: 40/68 MP: 8/8
  4230 | D:7      | Reached skill level 5 in Armour
  4230 | D:7      | Reached skill level 5 in Shields
  4377 | D:5      | Killed Adrian566's ghost
  4450 | D:6      | Found a snail-covered altar of Cheibriados.
  4476 | D:6      | Reached skill level 5 in Axes
  4504 | D:6      | Found a staircase to the Ecumenical Temple.
  4542 | D:6      | Reached skill level 6 in Fighting
  4546 | D:6      | Gained mutation: You have a small tail. [demonic ancestry]
  4546 | D:6      | Reached XP level 9. HP: 71/75 MP: 9/9
  4595 | D:6      | Found Favirecu's Hallowed Reliquary.
  4598 | D:6      | Noticed an angel
  4602 | D:6      | Bought a potion of heal wounds for 65 gold pieces
  4602 | D:6      | Bought a potion of heal wounds for 65 gold pieces
  4602 | D:6      | Bought a potion of heal wounds for 65 gold pieces
  4740 | D:6      | Noticed Eustachio
  4745 | D:6      | Killed Eustachio
  4770 | D:6      | Found a shadowy altar of Dithmenos.
  4929 | D:6      | Reached skill level 5 in Dodging
  5285 | D:7      | Noticed Joseph
  5287 | D:7      | Paralysed by Joseph for 3 turns
  5295 | D:7      | HP: 2/78 [Joseph/+0 quarterstaff (22)]
  5296 | D:7      | Killed Joseph
  5345 | D:7      | Found an opulent altar of Gozag.
  5348 | D:7      | Reached ****** piety under Jiyva
  5400 | D:7      | Reached skill level 7 in Fighting
  5459 | D:7      | Lost mutation: Your flesh is almost immune to the effects
                  | of cold. (rC+++) [Jiyva's grace]
  5459 | D:7      | Lost mutation: Your flesh is very cold resistant. (rC++)
                  | [Jiyva's grace]
  5459 | D:7      | Lost mutation: You are robust. (+10% HP) [Jiyva's grace]
  5459 | D:7      | Gained mutation: You have a beak for a mouth. [Jiyva's
                  | grace]
  5459 | D:7      | Gained mutation: You have a small jelly attached to you
                  | that senses nearby items. [Jiyva's grace]
  5459 | D:7      | Gained mutation: Your mind is acute. (Int +4, Str/Dex -1)
                  | [Jiyva's grace]
  5459 | D:7      | Gained mutation: Your mind is very acute. (Int +8, Str/Dex
                  | -2) [Jiyva's grace]
  5752 | D:8      | Gained mutation: You regenerate a little health from kills.
                  | [demonic ancestry]
  5752 | D:8      | Reached XP level 10. HP: 37/79 MP: 10/10
  5963 | D:8      | Found a sacrificial altar of Ru.
  6049 | D:8      | Found a stormy altar of Qazlal.
  6050 | D:8      | Found an iron altar of Okawaru.
  6379 | D:9      | Found a staircase to the Lair.
  6717 | D:9      | Reached skill level 8 in Fighting
  6839 | Lair:1   | Entered Level 1 of the Lair of Beasts
  7002 | Lair:1   | Gained mutation: You are partially covered in rugged brown
                  | scales. (AC +1, +3% HP) [demonic ancestry]
  7002 | Lair:1   | Reached XP level 11. HP: 12/88 MP: 11/11
  7145 | Lair:1   | Noticed a six-headed hydra
  7151 | Lair:1   | HP: 1/88 [eight-headed hydra (4)]
  7151 | Lair:1   | Mangled by an eight-headed hydra

Illustrated notes

Levels and vault maps discovered:
D:1:      mrwooster_arrival_statue, layout_loops_corners,
          dreamdust_ecumenical_altar_hidden_monk_grotto,
          minmay_misc_feat_diagonals
D:2:      minmay_chambers_of_ones, layout_basic, st_stairs_7, kennysheep_path_1,
          uniq_jessica
D:3:      layout_basic, tgw_sif, uniq_robin
D:4:      layout_basic, lemuel_tele_altar, portal_sewer_entry_c
D:5:      layout_layer_cave, gammafunk_ghost_necromancy
D:6:      layout_loops_ring, cheibriados_altar_1, mainiacjoe_overflow_24_doors,
          minmay_temple_entry_large_hall, nicolae_good_shop, uniq_eustachio
D:7:      layout_cave_pools, amcnicky_altar_gilded, grunt_ministairs_1,
          uniq_joseph
D:8:      layout_rooms, hangedman_ru_absence, lemuel_crystal_altar,
          gammafunk_temple_overflow_statue
D:9:      layout_loops_ring, grunt_lair_entry_orc_guard_hut
Lair:1:   layout_gridlike, serial_bayou_shore_a, grunt_megastairs_2

Skill      XL: |  1  2  3  4  5  6  7  8  9 10 |
---------------+-------------------------------+-----
Axes           | 2 3 4 5 6 7 |  7.2
Armour         | 3 4 5 6 7 |  7.5
Dodging        | 1 2 3 4 5 6 |  6.9
Shields        | 3 4 5 6 7 |  7.5
Fighting       | 4 5 6 7 8 |  8.2

Action                   |  1- 3 |  4- 6 |  7- 9 | 10-12 || total
-------------------------+-------+-------+-------+-------++-------
Melee: War axe           |    72 |   116 |   217 |   132 ||   537
       Headbutt          |     6 |    17 |    46 |    32 ||   101
       Pseudopods        |       |     5 |    44 |    31 ||    80
       Tailslap          |       |       |    18 |    19 ||    37
       Peck              |       |       |     1 |    26 ||    27
Throw: Throwing net      |       |       |     1 |       ||     1
  Use: Scroll            |     4 |     3 |     6 |       ||    13
       Potion            |       |       |     3 |     1 ||     4
Armor: Scale mail        |    31 |    42 |    18 |       ||    91
       Acid dragon scale |       |       |    15 |    17 ||    32
Dodge: Dodged            |    35 |   117 |   227 |   140 ||   519
Block: Buckler           |    15 |    32 |    82 |    34 ||   163

Table legend: (Time is in decaauts)
 A = Elapsed time spent in this place.
 B = Non-inter-level travel time spent in this place.
 C = Inter-level travel time spent in this place.
 D = Time resting spent in this place.
 E = Time spent auto-exploring this place.
 F = Levels seen in this place.
 G = Mean time per level.
                   A        B        C        D        E       F      G
               +--------+--------+--------+--------+--------+-----+--------+
         Total |   7326 |   7105 |    221 |    248 |   5272 |  11 |  666.0 |
       Dungeon |   6868 |   6647 |    221 |    208 |   5030 |   9 |  763.1 |
          Lair |    317 |    317 |      0 |     40 |    205 |   1 |  317.0 |
         Sewer |    140 |    140 |      0 |      0 |     37 |   1 |  140.0 |
               +--------+--------+--------+--------+--------+-----+--------+

Top non-repeatable levels by time:
     D:2: 977 daAuts
     D:3: 854 daAuts
     D:1: 840 daAuts
     D:9: 779 daAuts
     D:6: 724 daAuts
     D:5: 721 daAuts
     D:8: 689 daAuts
     D:4: 655 daAuts
     D:7: 626 daAuts
  Lair:1: 317 daAuts
   Sewer: 140 daAuts
